[Event "Late-Titled-Tuesday-Blitz-October-03-2023"]
[Site "Chess.com"]
[Date "2023.10.03"]
[Round "7"]
[White "GMJustin"]
[Black "PNEPaul"]
[Result "0-1"]
[WhiteElo "2180"]
[BlackElo "1966"]
[TimeControl "180+1"]
[EndTime "15:14:01 PDT"]
[Termination "PNEPaul won on time"]

1. d4 a6 2. Nf3 d6 3. c4 g6 4. e4 Bg7 5. Nc3 h6 6. Be2 Nd7 7. Be3 e5 8. d5 Ne7 9. Nd2 O-O 10. b4 f5 11. f3 f4 12. Bf2 g5 13. c5 Nf6 14. Nc4 Ng6 15. a4 h5 16. h3 Qe7 17.
cxd6 cxd6 18. Nb6 Rb8 19. b5 axb5 20. axb5 g4 21. hxg4 hxg4 22. Ra7 g3 23. Bg1 Nd7 24. Nxc8 Rfxc8 25. Kd2 Nc5 26. b6 Qd8 27. Qb1 Ra8 28. Qb4 Bf8 29. Rh5 Kg7 30. Qb5 Be7 31. Qa5 Rxa7 32. Qxa7 Ra8 33. Bxc5 Rxa7 34. bxa7 Qa8 35. Bb6 Bd8 36. Bxd8 Qxd8 37. Nb5 Qa5+ 38. Kc2 b6 0-1

[Event "Late-Titled-Tuesday-Blitz-October-03-2023"]
[Site "Chess.com"]
[Date "2023.10.03"]
[Round "7"]
[White "SpeedofLight0"]
[Black "traack"]
[Result "1-0"]
[WhiteElo "3006"]
[BlackElo "2442"]
[TimeControl "180+1"]
[EndTime "15:14:03 PDT"]
[Termination "SpeedofLight0 won by resignation"]

1. c4 Nf6 2. Nc3 e6 3. g3 d5 4. d4 Be7 5. Bg2 O-O 6. Nf3 dxc4 7. Ne5 Nc6 8. Bxc6 bxc6 9. Nxc6 Qe8 10. Nxe7+ Qxe7 11. Qa4 Bb7 12. f3 e5 13. dxe5 Qxe5 14. Qxc4 Bxf3 15.
Bf4 Qe7 16. Rf1 Bb7 17. Qxc7 Rfe8 18. Qxe7 Rxe7 19. Bg5 Re6 20. Bxf6 gxf6 21. Rd1 Rae8 22. Rd7 Ba6 23. Rf2 R8e7 24. Rxe7 Rxe7 25. Rxf6 Bc4 26. Rf4 Be6 27. Rd4 Rc7 28. Kd2 a5 29. b3 Kg7 30.
Nb5 Rc5 31. Nd6 a4 32. Ne4 Rh5 33. Rxa4 Rxh2 34. Ke3 Bg4 35. Nf2 Be6 36. Ra5 Rg2 37. Kf3 Rg1 38. b4 Rb1 39. Nd3 Bc4 40. a3 Rb3 41.
Ke3 h5 42. Kd4 Bxd3 43. exd3 Kg6 44. b5 f5 45. Kc4 Rb1 46. Ra4 f4 47. gxf4 h4 48. Ra8 Kg7 49. Re8 h3 50. Re2 Rh1 51. Kc5 Kg6 52. a4 Kf5 53. a5 Kxf4 54. a6 Kf3 55. Rb2 Ra1 56. d4 Ke4 57. Rh2 Rc1+ 58. Kb6 Rc3 59. a7 Ra3 60. Rxh3 1-0

[Event "Late-Titled-Tuesday-Blitz-October-03-2023"]
[Site "Chess.com"]
[Date "2023.10.03"]
[Round "7"]
[White "Mikhail_Golubev"]
[Black "Aleksandar-Topalov"]
[Result "0-1"]
[WhiteElo "2599"]
[BlackElo "2440"]
[TimeControl "180+1"]
[EndTime "15:14:03 PDT"]
[Termination "Aleksandar-Topalov won on time"]

1. e4 e6 2. d4 d5 3. Nc3 Bb4 4. e5 Qd7 5. a3 Bxc3+ 6. bxc3 b6 7. Qg4 f5 8. Qg3 Qf7 9. Bd3 Ba6 10. Ne2 Bxd3 11.
cxd3 Ne7 12. h4 Nbc6 13. a4 O-O-O 14. Nf4 g6 15. Ba3 h6 16. a5 g5 17. Ne2 f4 18.
Qf3 Ng6 19. axb6 axb6 20. hxg5 hxg5 21. O-O-O Qf5 22. g4 fxg3 23. Qxf5 exf5 24. Nxg3 Nh4 25. Kc2 Kd7 26. f4 g4 27. Bc1 Ke6 28. Be3 Rh7 29.
c4 Ne7 30. Kc3 Rdh8 31. Ra1 Nf3 32. Rxh7 Rxh7 33. Ra7 Rh3 34. Ne2 Kd7 35. e6+ Kc6 36. cxd5+ Nxd5+ 37. Kb3 Nxe3 38. e7 Rh8 39. Ng3 Re8 40. d5+ Kxd5 0-1

[Event "Late-Titled-Tuesday-Blitz-October-03-2023"]
[Site "Chess.com"]
[Date "2023.10.03"]
[Round "7"]
[White "Firouzja2003"]
[Black "GMBenjaminBok"]
[Result "1-0"]
[WhiteElo "3128"]
[BlackElo "2984"]
[TimeControl "180+1"]
[EndTime "15:14:05 PDT"]
[Termination "Firouzja2003 won on time"]

1. Nf3 d5 2. b3 Bf5 3. Bb2 e6 4. g3 h6 5. Bg2 Nf6 6. O-O Be7 7. d3 O-O 8. Nbd2 Bh7 9. Re1 a5 10. a4 c6 11. e4 Nbd7 12. h3 Qb6 13. Qe2 Rfc8 14.
Rac1 Qd8 15. exd5 Nxd5 16. Nd4 Nc5 17. Ne4 Nb4 18. Nxc5 Bxc5 19. Nxe6 fxe6 20. Qxe6+ Kh8 21. Re4 Qd6 22. Qg4 Qg6 23. Qd7 Rd8 24. Qxb7 Rab8 25.
Qc7 Bb6 26. Qe5 Re8 27. Qf4 Rf8 28. Qh4 Rxf2 29. Kh2 Qf7 30. Re7 Qf3 31. Rg1 Bd4 32.
Bxd4 Rxc2 33. Rxg7 Nxd3 34. Rg4+ 1-0

[Event "Late-Titled-Tuesday-Blitz-October-03-2023"]
[Site "Chess.com"]
[Date "2023.10.03"]
[Round "7"]
[White "artin10862"]
[Black "Grischuk"]
[Result "0-1"]
[WhiteElo "2810"]
[BlackElo "3005"]
[TimeControl "180+1"]
[EndTime "15:14:05 PDT"]
[Termination "Grischuk won on time"]

1. c4 e5 2. d3 Bb4+ 3. Bd2 Bxd2+ 4. Qxd2 d6 5. Nc3 f5 6. g3 Nf6 7. Bg2 O-O 8. e3 c6 9. Nge2 Be6 10. O-O a5 11. b3 Na6 12. a3 d5 13. cxd5 cxd5 14.
d4 e4 15. Rac1 Qe7 16. Qb2 Bf7 17. Na4 Nc7 18. Rc5 Ne6 19. Rc3 Bh5 20. Nf4 Bf3 21. Rfc1 Bxg2 22. Kxg2 g5 23. Nxe6 Qxe6 24. Qd2 Rae8 25.
Rc7 f4 26. exf4 Ng4 27. Nc5 Qh6 28. h3 gxf4 29. gxf4 Rxf4 30. Nd7 Rxf2+ 31. Qxf2 Nxf2 32. Kxf2 Qd2+ 33. Kg1 Qxd4+ 34. Kh1 e3 35. Rg1+ Kh8 36. Rxb7 e2 37. Ne5 Qxe5 0-1

[Event "Late-Titled-Tuesday-Blitz-October-03-2023"]
[Site "Chess.com"]
[Date "2023.10.03"]
[Round "7"]
[White "FairChess_on_YouTube"]
[Black "jcibarra"]
[Result "1-0"]
[WhiteElo "3048"]
[BlackElo "2943"]
[TimeControl "180+1"]
[EndTime "15:14:06 PDT"]
[Termination "FairChess_on_YouTube won by resignation"]

1. c4 e5 2. Nc3 Nf6 3. e3 g6 4. d4 d6 5. dxe5 dxe5 6. Qxd8+ Kxd8 7. b3 c6 8. Bb2 Nfd7 9. O-O-O Kc7 10. f4 Bc5 11.
Rd3 Re8 12. Na4 e4 13. Rc3 Bf8 14. Nh3 f5 15. Rc2 Na6 16. Ng5 h6 17. Nf7 Nb4 18.
Rd2 Nxa2+ 19. Kb1 Nb4 20. Be2 Nd3 21. Bxd3 exd3 22. Rxd3 b6 23. Rhd1 Nc5 24. Nxc5 Bxc5 25. Be5+ Kb7 26. Nd8+ Ka6 27. Kb2 b5 28. Bc7 Rxd8 29.
Rxd8 Bxe3 30. Re8 Bc5 31. Rdd8 Kb7 32. Be5 bxc4 33. bxc4 a5 34. Rg8 a4 35. Rxg6 a3+ 36.
Ka2 Bb6 37. Re8 Bc5 38. Rxh6 Bb4 39. h4 c5 40. Re7+ 1-0

[Event "Late-Titled-Tuesday-Blitz-October-03-2023"]
[Site "Chess.com"]
[Date "2023.10.03"]
[Round "7"]
[White "Djager97"]
[Black "szachmistrz2500"]
[Result "1-0"]
[WhiteElo "2552"]
[BlackElo "2428"]
[TimeControl "180+1"]
[EndTime "15:14:06 PDT"]
[Termination "Djager97 won by resignation"]

1. e4 c5 2. Nf3 e6 3. g3 d5 4. exd5 exd5 5. d4 Nf6 6. Bg2 Be7 7. O-O O-O 8. Nc3 Nc6 9. dxc5 Bxc5 10. Bg5 Be6 11.
Bxf6 Qxf6 12. Nxd5 Qxb2 13. c4 Rad8 14. Rb1 Qxa2 15.
Nd2 Bb4 16. Nxb4 Qxd2 17. Nxc6 bxc6 18. Qa4 c5 19. Rfd1 Qe2 20. Bf1 Qf3 21. Rxd8 Rxd8 22. Qa5 Qf6 23. Qxc5 a6 24. Qb6 h5 25. c5 Rd2 26. c6 Rc2 27. Qb8+ Kh7 28. Bd3+ Bf5 29.
Bxc2 Bxc2 30. Rc1 Be4 31. Qf4 Qe6 32. c7 Bb7 33. Qe3 Qd5 34. f3 h4 35. Qe4+ Qxe4 36. fxe4 hxg3 37. hxg3 Bc8 38. Rd1 Kg6 39. Rd8 Bg4 40.
c8=Q Bxc8 41. Rxc8 Kf6 42. Rc6+ Ke5 43. Rxa6 Kxe4 44.
Ra7 f5 45. Rxg7 1-0

[Event "Late-Titled-Tuesday-Blitz-October-03-2023"]
[Site "Chess.com"]
[Date "2023.10.03"]
[Round "7"]
[White "StarkyNZ"]
[Black "Valeron87"]
[Result "0-1"]
[WhiteElo "2315"]
[BlackElo "2486"]
[TimeControl "180+1"]
[EndTime "15:14:07 PDT"]
[Termination "Valeron87 won by resignation"]

1. c4 e5 2. Nc3 d6 3. g3 f5 4.
Bg2 Nf6 5. e3 g6 6. Nge2 Bg7 7.
b4 O-O 8. a4 c6 9. b5 Be6 10. d3 d5 11. cxd5 cxd5 12. d4 e4 13. Nf4 Bf7 14. h4 Nbd7 15. O-O h6 16. Ba3 Re8 17.
Nh3 Bf8 18. Bxf8 Nxf8 19. Qb3 Ne6 20. Rac1 g5 21. hxg5 hxg5 22. Ne2 Bh5 23. Qa2 Bf3 24. Kh2 Kg7 25. Rh1 Ng4+ 26. Kg1 Qd6 27. Nc3 Rac8 28. Qb3 Rc4 29. Bf1 Bxh1 30. Kxh1 Nxf2+ 31. Nxf2 Qxg3 32. Nh3 Rh8 33. Ne2 Rxh3+ 34. Bxh3 Qxh3+ 35. Kg1 Qg4+ 36. Kf2 Qf3+ 37. Ke1 Nxd4 38. Qb2 Qxe2+ 39. Qxe2 Rxc1+ 40. Qd1 Nf3+ 41. Ke2 Rxd1 42. Kxd1 g4 0-1

[Event "Late-Titled-Tuesday-Blitz-October-03-2023"]
[Site "Chess.com"]
[Date "2023.10.03"]
[Round "7"]
[White "Herman-NY"]
[Black "Garmendiarov"]
[Result "1-0"]
[WhiteElo "2515"]
[BlackElo "2328"]
[TimeControl "180+1"]
[EndTime "15:14:08 PDT"]
[Termination "Herman-NY won by checkmate"]

1. e4 c5 2. Nf3 e6 3. d4 cxd4 4.
Nxd4 Bc5 5. Nb3 Bb6 6. Bd3 Ne7 7. f4 O-O 8. Nc3 f5 9. Qe2 a6 10. Be3 Nbc6 11. O-O-O Bxe3+ 12. Qxe3 d5 13. exd5 Nxd5 14. Nxd5 exd5 15. Nd4 Bd7 16. c3 Qa5 17. Kb1 Rae8 18. Qf2 b5 19. a3 Qa4 20. Bc2 Qc4 21. Bb3 Qc5 22. Rd2 Re4 23. Nxc6 Qxf2 24. Bxd5+ Be6 25. Ne7+ Kf7 26. Rxf2 Kxe7 27. Bxe4 fxe4 28. Re1 Kf6 29. f5 Bc4 30. Kc1 Bd3 31. g4 Kg5 32. h3 h5 33.
gxh5 Kxh5 34. Rg1 g5 35. Kd2 Kh4 36. Ke3 Kxh3 37. Rxg5 Kh4 38. Rg7 Kh3 39. f6 a5 40.
f7 Rc8 41. Rf6 Kh4 42. Rh6# 1-0

[Event "Late-Titled-Tuesday-Blitz-October-03-2023"]
[Site "Chess.com"]
[Date "2023.10.03"]
[Round "7"]
[White "GoldenShare"]
[Black "ViIIagra"]
[Result "0-1"]
[WhiteElo "2577"]
[BlackElo "2937"]
[TimeControl "180+1"]
[EndTime "15:14:09 PDT"]
[Termination "ViIIagra won by resignation"]

1. e4 g6 2. d4 d6 3. Nc3 a6 4. f4 b5 5. Nf3 Nd7 6. Bd3 c5 7. Be3 Bb7 8. dxc5 dxc5 9. e5 Nh6 10.
Qe2 b4 11. Na4 e6 12. O-O-O Qa5 13. b3 Bc6 14. Nd2 Bxa4 15. Nc4 Qc7 16. bxa4 Qc6 17. Qf3 Qxf3 18. gxf3 Nf5 19. Bxf5 gxf5 20. Rxd7 Kxd7 21. Nb6+ Kc6 22. Nxa8 Be7 23. Rg1 Rxa8 24. Rg7 Rf8 25. Rxh7 c4 26. h4 Bc5 27. Kd2 c3+ 28. Ke2 Rg8 29.
Bxc5 Kxc5 30. Rxf7 Rg2+ 31. Kd3 Rd2+ 32. Ke3 Rxc2 33.
Rc7+ Kb6 34. Re7 Rxa2 35. Rxe6+ Ka5 36. Rc6 b3 37. Rxc3 b2 38. Rb3 Kxa4 39. Rb8 Ra3+ 40.
Kd4 Rb3 41. Ra8 b1=Q 42. Rxa6+ Kb5 0-1

[Event "Late-Titled-Tuesday-Blitz-October-03-2023"]
[Site "Chess.com"]
[Date "2023.10.03"]
[Round "7"]
[White "campochess"]
[Black "Nekoo04"]
[Result "0-1"]
[WhiteElo "2138"]
[BlackElo "2274"]
[TimeControl "180+1"]
[EndTime "15:14:09 PDT"]
[Termination "Nekoo04 won by resignation"]

1. e4 c5 2. d4 cxd4 3. c3 dxc3 4. Nxc3 d6 5. Bc4 e6 6. Nf3 Nc6 7. O-O Nf6 8. Qe2 Be7 9. Rd1 e5 10. h3 a6 11. a3 h6 12. Be3 O-O 13. Rd2 Be6 14.
Bxe6 fxe6 15. Rad1 Qe8 16. Bb6 Rc8 17. Qd3 Nh5 18. Qb1 Nf4 19. Kh2 Qg6 20. Rg1 Qh5 21.
Ne2 Nxh3 22. Ng3 Qg4 23. gxh3 Qxf3 24. Qd1 Bg5 25. Qxf3 Rxf3 26. Rxd6 Nd4 27. Bxd4 exd4 28. Rxd4 Rxf2+ 29. Rg2 Rcc2 30. Rxf2 Rxf2+ 31. Kh1 Rxb2 32. e5 Rb3 33. Ne4 Rxa3 34. h4 Bf4 35. Rd7 Bxe5 36.
Re7 Rh3+ 37. Kg2 Rxh4 38. Nc5 Bd6 39. Re8+ Kf7 40. Rc8 Rc4 41. Nxb7 Rxc8 42. Nxd6+ Ke7 43. Nxc8+ Kd7 44. Nb6+ Kc6 45. Na4 e5 46. Kf3 Kd5 47. Nb2 g5 48. Ke3 a5 49. Na4 h5 0-1

[Event "Late-Titled-Tuesday-Blitz-October-03-2023"]
[Site "Chess.com"]
[Date "2023.10.03"]
[Round "7"]
[White "C_K_G"]
[Black "jjbolanos"]
[Result "1-0"]
[WhiteElo "1911"]
[BlackElo "2061"]
[TimeControl "180+1"]
[EndTime "15:14:10 PDT"]
[Termination "C_K_G won on time"]

1. e4 c5 2. Nf3 e6 3. d4 cxd4 4.
Nxd4 a6 5. Nc3 Qc7 6. Bd3 Nf6 7. O-O Be7 8. Be3 O-O 9. f4 d6 10. Qf3 b5 11. a3 Bb7 12. g4 d5 13. e5 Nfd7 14. g5 g6 15. Qg4 Nc5 16. Rf3 Nbd7 17. Rh3 Rfc8 18. Rf1 Nf8 19. Rh6 Ne4 20. Bxe4 dxe4 21.
Nce2 Rd8 22. c3 Rac8 23. h4 Qc4 24. Rf2 Qd3 25. Qg3 a5 26. h5 b4 27. axb4 axb4 28. hxg6 fxg6 29. Rfh2 Rd7 30. Kf2 Bc5 31. Qh3 bxc3 32.
bxc3 Ba7 33. Nxe6 Nxe6 34. Qxe6+ Rf7 35. R2h3 Bxe3+ 36. Rxe3 1-0

[Event "Late-Titled-Tuesday-Blitz-October-03-2023"]
[Site "Chess.com"]
[Date "2023.10.03"]
[Round "7"]
[White "Good_Knight_Kiss"]
[Black "CraiggoryC"]
[Result "1-0"]
[WhiteElo "2423"]
[BlackElo "2279"]
[TimeControl "180+1"]
[EndTime "15:14:11 PDT"]
[Termination "Good_Knight_Kiss won by checkmate"]

1. e4 e6 2. d4 d5 3. Nc3 Bb4 4.
exd5 exd5 5. Bd3 Nf6 6. Bg5 O-O 7. Qf3 c6 8. Bxf6 Qxf6 9. Qxf6 gxf6 10. Ne2 Bg4 11.
f3 Bh5 12. Ng3 Bg6 13. Kd2 Nd7 14. a3 Ba5 15. b4 Bc7 16. Nce2 Rfe8 17. h4 Nb6 18. h5 Bxd3 19. cxd3 a5 20. Nf5 Nc8 21. g4 Nd6 22. Neg3 Ra7 23. Rhe1 Raa8 24. Nxd6 Bxd6 25.
Nf5 Bf8 26. Rxe8 Rxe8 27. bxa5 Ra8 28. Rb1 Rxa5 29. Rxb7 Rxa3 30. Rc7 Ra2+ 31. Ke3 Ra1 32. Rxc6 Re1+ 33. Kf2 Rd1 34. Ke2 Ra1 35. Rc8 Ra2+ 36. Ke3 Ra1 37. h6 Re1+ 38. Kf2 Re6 39. Rd8 Ra6 40.
Ne7+ Kh8 41. Rxf8# 1-0

[Event "Late-Titled-Tuesday-Blitz-October-03-2023"]
[Site "Chess.com"]
[Date "2023.10.03"]
[Round "7"]
[White "wild3000"]
[Black "stasOR4ik"]
[Result "1-0"]
[WhiteElo "2425"]
[BlackElo "2416"]
[TimeControl "180+1"]
[EndTime "15:14:12 PDT"]
[Termination "wild3000 won on time"]

1. e4 c6 2. d4 d5 3. e5 c5 4.
dxc5 e6 5. c4 dxc4 6. Qxd8+ Kxd8 7. Bxc4 Bxc5 8. Nc3 Nc6 9. Nf3 Nge7 10. Bg5 a6 11. O-O Kc7 12. Rac1 Ng6 13. Ne4 Ba7 14. h4 h6 15. Bd2 Kb8 16. Nd6 Rf8 17. Rfe1 Bd7 18.
h5 Nge7 19. a3 Nd4 20. b4 Nxf3+ 21. gxf3 Bc6 22. f4 Bf3 23. a4 Bxh5 24. b5 axb5 25. axb5 Bf3 26. Re3 Bd5 27. Rg3 g6 28. Bb4 Bb6 29.
Ne4 Bxe4 30. Bxe7 Rc8 31. Bd6+ Bc7 32. b6 Bxd6 33. exd6 Ra4 34. Rgc3 Rd8 35. Bb5 Ra5 36.
d7 Bc6 37. Bxc6 bxc6 38. Rd1 Rd5 39. Rb1 Kb7 40. Ra3 1-0

[Event "Late-Titled-Tuesday-Blitz-October-03-2023"]
[Site "Chess.com"]
[Date "2023.10.03"]
[Round "7"]
[White "Iball95"]
[Black "RichardLeyvaP"]
[Result "1/2-1/2"]
[WhiteElo "2768"]
[BlackElo "2608"]
[TimeControl "180+1"]
[EndTime "15:14:15 PDT"]
[Termination "Game drawn by repetition"]

1. e4 e5 2. Nf3 Nc6 3. Nc3 Nf6 4.
Bb5 Bb4 5. Nd5 Bd6 6. O-O Nxd5 7. exd5 Ne7 8. Re1 O-O 9. Nxe5 Nxd5 10. d4 c6 11. Bd3 Be7 12. h3 d6 13. Nf3 h6 14. c3 Re8 15. Bd2 Bf8 16. Qc2 Nf6 17.
a4 Bd7 18. a5 Qc7 19. b4 a6 20. Bf4 Rxe1+ 21. Rxe1 Re8 22. Re2 Rxe2 23. Qxe2 Qd8 24.
Bd2 Qe7 25. Qd1 Qd8 26. Bc4 Qe8 27. Bf4 Be6 28. Bd3 Nd5 29. Bd2 Nf6 30. Qc2 Bd5 31.
Nh2 Be4 32. Nf1 Bxd3 33. Qxd3 Qe4 34. Qxe4 Nxe4 35. f3 Nxd2 36. Nxd2 d5 37. Kf2 f5 38. f4 Kf7 39. Kf3 Be7 40. g3 g6 41. Nf1 Bd6 42. Ne3 Ke6 43. Nc2 Be7 44. Ne1 Bf8 45. Nd3 Bd6 46.
Ne5 g5 47. Nd3 Kf6 48. Ne1 Ke6 49. Ng2 Kf6 50. Ne1 Bc7 51. Nd3 Bd6 52. Kg2 Ke6 53. Kf2 Kf6 54. Ke3 Ke6 55. Kf2 Kf6 56. Kf3 Ke6 57.
fxg5 hxg5 58. Nc5+ Bxc5 59. bxc5 Kf6 60. h4 Kg6 61.
Kg2 Kh5 62. hxg5 Kxg5 63. Kf3 Kg6 64. Kf4 Kf6 65. g4 fxg4 66. Kxg4 Kg6 67. Kf4 Kf6 68. Kg4 Kg6 69. Kf4 Kf6 70. Kg4 1/2-1/2

[Event "Late-Titled-Tuesday-Blitz-October-03-2023"]
[Site "Chess.com"]
[Date "2023.10.03"]
[Round "7"]
[White "GoltsevDmitry2000"]
[Black "arminmusovic"]
[Result "1-0"]
[WhiteElo "2686"]
[BlackElo "2508"]
[TimeControl "180+1"]
[EndTime "15:14:16 PDT"]
[Termination "GoltsevDmitry2000 won by resignation"]

1. e4 c6 2. d4 d5 3. Nc3 dxe4 4. Nxe4 Nf6 5. Nxf6+ exf6 6. Nf3 Bd6 7. Bd3 O-O 8. O-O Bg4 9. h3 Bh5 10. c3 Re8 11.
Bd2 Nd7 12. Qb3 Bxf3 13. gxf3 Nf8 14. Qxb7 Rb8 15. Qxc6 Rxb2 16. Be3 Rb6 17. Qa4 Bb8 18. Rab1 Qc7 19. f4 Rd8 20. Rxb6 axb6 21. Qc4 Qd6 22. Qb4 Qc7 23. Rb1 g5 24. Qxb6 Qd7 25. Qxf6 gxf4 26. Bxf4 Bxf4 27. Qxf4 Ng6 28. Bxg6 hxg6 29. Rb8 Rxb8 30.
Qxb8+ Kh7 31. Qg3 Qd5 32. a4 Qb3 33. Qf3 Kg8 34. a5 Qa3 35. Kh2 Qxa5 36. d5 Qc5 37. Kg2 f5 38. Qd3 Kf8 39. Qd4 Qxd4 40. cxd4 Ke7 41.
Kf3 g5 42. Ke3 Kd6 43. Kd3 Kxd5 44. f3 Kc6 45. Kc4 Kd6 46. d5 Ke5 47. Kc5 Kf4 48. d6 Kxf3 49. d7 g4 50. hxg4 Kxg4 51. d8=Q f4 52.
Qd3 f3 53. Qf1 Kg3 54. Kd4 f2 55. Ke3 Kh2 56. Qxf2+ Kh1 57. Qf8 1-0

[Event "Late-Titled-Tuesday-Blitz-October-03-2023"]
[Site "Chess.com"]
[Date "2023.10.03"]
[Round "7"]
[White "Horokoskii"]
[Black "vanyakuba"]
[Result "0-1"]
[WhiteElo "2109"]
[BlackElo "2375"]
[TimeControl "180+1"]
[EndTime "15:14:16 PDT"]
[Termination "vanyakuba won on time"]

1. c4 e6 2. Nc3 d5 3. cxd5 exd5 4. d4 c5 5. Nf3 Nc6 6. Bg5 Be7 7. Bxe7 Ngxe7 8.
dxc5 Qa5 9. e3 Qxc5 10. Be2 O-O 11. O-O Bf5 12. Rc1 Rfd8 13. Nb5 Qb6 14. Qd2 Be4 15.
Nbd4 Rac8 16. Rfd1 h6 17. a3 Ng6 18. h3 Nce5 19.
Nxe5 Nxe5 20. b3 Qg6 21. f3 Bf5 22. Nxf5 Qxf5 23. Rxc8 Qxc8 24. Qd4 Nc6 25. Qh4 Qe6 26. e4 g5 27. Qe1 dxe4 28. Rxd8+ Nxd8 29. Bc4 Qb6+ 30. Kh2 e3 31. Qd1 Qf6 32. Qe2 Qe5+ 33. g3 Nc6 34. Qd3 Nd4 35. Kg2 Kf8 36. Qe4 Qxe4 37. fxe4 Ke7 38. Kf1 f6 39. Ke1 Kd6 40. Bd5 b6 41. b4 Ke5 42. a4 f5 0-1

[Event "Late-Titled-Tuesday-Blitz-October-03-2023"]
[Site "Chess.com"]
[Date "2023.10.03"]
[Round "7"]
[White "Bala-Afiada"]
[Black "lluiss"]
[Result "1-0"]
[WhiteElo "1935"]
[BlackElo "2136"]
[TimeControl "180+1"]
[EndTime "15:14:16 PDT"]
[Termination "Bala-Afiada won by resignation"]

1. d4 d5 2. c4 e6 3. Nf3 c6 4.
Qc2 f5 5. g3 Nf6 6. Bg2 Bd6 7.
O-O O-O 8. b3 Bd7 9. Ba3 Be8 10.
Bxd6 Qxd6 11. Nbd2 Nbd7 12. Qc3 Ne4 13. Nxe4 fxe4 14.
Ne5 Nxe5 15. dxe5 Qc5 16. e3 Bh5 17. Rac1 Bf3 18. b4 Qe7 19. cxd5 exd5 20. Qd4 a6 21. a4 Qe6 22. Rc5 Rf5 23. b5 axb5 24. axb5 Rxe5 25. bxc6 bxc6 26. Rfc1 Rc8 27. Rxc6 Rxc6 28. Rxc6 Qxc6 29.
Qxe5 h6 30. Bxf3 exf3 31. Qb8+ Kh7 32. Qb1+ g6 33. Qd1 Qf6 34. h3 Qf5 35. Kh2 h5 36.
Qc1 Qe4 37. Qc7+ Kh6 38. Qf4+ Qxf4 39. gxf4 h4 40. Kg1 Kg7 41. Kf1 Kf6 42. Ke1 Kf5 43.
Kd2 Ke4 44. Kc3 Kf5 45. Kd4 Ke6 46. Kc5 Kf5 47. Kxd5 g5 48. fxg5 Kxg5 49. Ke5 1-0

[Event "Late-Titled-Tuesday-Blitz-October-03-2023"]
[Site "Chess.com"]
[Date "2023.10.03"]
[Round "7"]
[White "GM_dmitrij"]
[Black "vladislavkovalev"]
[Result "1/2-1/2"]
[WhiteElo "3044"]
[BlackElo "2882"]
[TimeControl "180+1"]
[EndTime "15:14:19 PDT"]
[Termination "Game drawn - insufficient material"]

1. e4 e5 2. Nf3 Nc6 3. Nc3 Nf6 4. h3 Bb4 5. Nd5 Bd6 6. Bc4 Nxd5 7. Bxd5 Ne7 8. Bb3 Ng6 9. O-O O-O 10. d4 exd4 11. Nxd4 Qf6 12. Nf5 Bf4 13. Ne3 c6 14.
g3 Bxe3 15. Bxe3 d5 16. exd5 Bxh3 17. Re1 Ne5 18. Bf4 Ng6 19. Qd2 Nxf4 20. Qxf4 Qxf4 21.
gxf4 Rfe8 22. dxc6 bxc6 23. Ba4 Rac8 24. Bxc6 Rxe1+ 25.
Rxe1 Kf8 26. Bb5 g5 27. Bd3 gxf4 28. Re4 Bf5 29. Rxf4 Bxd3 30. cxd3 Rc2 31. Rb4 Rd2 32. d4 a5 33. Rb5 a4 34. d5 a3 35. bxa3 Rxa2 36.
Ra5 Ke7 37. a4 Kd6 38. Kg2 h5 39. Kg3 h4+ 40. Kxh4 Rxf2 41. Rb5 Rd2 42. a5 Rxd5 43.
Rb6+ Kc7 44. Rf6 Rxa5 45. Rxf7+ Kd6 46. Rf6+ Ke5 47. Rf1 Ra2 48. Kg4 Rg2+ 49. Kf3 Rg8 50. Re1+ Kf5 51. Re2 Rb8 52. Re1 Rb3+ 53. Re3 Rb4 54.
Re2 Rf4+ 55. Ke3 Rb4 56. Kf3 Rf4+ 57. Ke3 Re4+ 58. Kf3 Rxe2 59. Kxe2 1/2-1/2

[Event "Late-Titled-Tuesday-Blitz-October-03-2023"]
[Site "Chess.com"]
[Date "2023.10.03"]
[Round "7"]
[White "acertijo08"]
[Black "angelgab3"]
[Result "0-1"]
[WhiteElo "2335"]
[BlackElo "2556"]
[TimeControl "180+1"]
[EndTime "15:14:22 PDT"]
[Termination "angelgab3 won by resignation"]

1. e4 e5 2. Nf3 Nc6 3. Bb5 a6 4. Ba4 Nf6 5. O-O b5 6. Bb3 Bb7 7. d3 Be7 8. c3 O-O 9. Nbd2 Re8 10. Re1 Bf8 11. Nf1 Na5 12. Bc2 c5 13. Ng3 h6 14.
Nf5 d5 15. Qe2 c4 16. b4 cxd3 17. Qxd3 dxe4 18. Qxd8 Raxd8 19. Nd2 Nc4 20. Nxc4 bxc4 21. Be3 Bc6 22. h3 Rd7 23. a4 Red8 24. Bb6 Rb8 25. Be3 Ne8 26. Rad1 Rxd1 27. Rxd1 Kh7 28. Ng3 Nf6 29. Re1 g6 30. Bc1 Rd8 31. b5 axb5 32.
axb5 Bxb5 33. Nxe4 Nxe4 34. Bxe4 f5 35. Bc2 e4 36. g4 Bg7 37. gxf5 gxf5 38. f3 Bxc3 39. Re2 Bd4+ 40. Kg2 c3 41. Re1 Bd3 42. Bb3 Rd7 43. fxe4 Bxe4+ 44. Kf1 Bd3+ 45. Kg2 Rg7+ 46. Kf3 Be4+ 47.
Kf4 Rg2 48. Rxe4 fxe4 49. Kxe4 Bg7 50. Bd5 Rh2 51. Be6 Rh1 52. Bf5+ Kh8 53. Be3 c2 54. Kf3 c1=Q 55. Bxc1 Rxc1 0-1

[Event "Late-Titled-Tuesday-Blitz-October-03-2023"]
[Site "Chess.com"]
[Date "2023.10.03"]
[Round "7"]
[White "WPWPWP-2015"]
[Black "Metadast"]
[Result "1-0"]
[WhiteElo "2516"]
[BlackElo "2527"]
[TimeControl "180+1"]
[EndTime "15:14:26 PDT"]
[Termination "WPWPWP-2015 won by checkmate"]

1. e4 e6 2. d4 d5 3. Nc3 Nf6 4. e5 Nfd7 5. f4 c5 6. Nf3 Nc6 7. Be3 Rb8 8. Bb5 Qa5 9. O-O a6 10. Be2 cxd4 11. Nxd4 Nxd4 12. Bxd4 Bc5 13. Kh1 Bxd4 14.
Qxd4 Qc5 15. Qd3 g6 16. a4 h5 17. a5 Qc7 18. Qd4 Qc5 19. Qd2 Qc7 20. Bf3 Nc5 21.
Ne2 O-O 22. Ra3 Qe7 23. c4 dxc4 24. Qc2 Bd7 25. Qxc4 Bb5 26. Qc1 Nd3 27. Qb1 Rfd8 28. Nc3 Bc4 29. Ra4 Rbc8 30. Be2 Qc5 31. Ne4 Qe3 32.
Nf6+ Kg7 33. Bxd3 Bxd3 34. Qe1 Qc5 35. Rg1 Bc2 36. Ra3 Rd1 37. Qxd1 Bxd1 38. Rxd1 Qb5 39. Rad3 Qxb2 40. h3 Qb5 41. Rd8 Rxd8 42. Rxd8 g5 43. Rg8+ Kh6 44. fxg5# 1-0

[Event "Late-Titled-Tuesday-Blitz-October-03-2023"]
[Site "Chess.com"]
[Date "2023.10.03"]
[Round "7"]
[White "nitpicker"]
[Black "Qvalda"]
[Result "1-0"]
[WhiteElo "2252"]
[BlackElo "2373"]
[TimeControl "180+1"]
[EndTime "15:14:28 PDT"]
[Termination "nitpicker won on time"]

1. d4 e6 2. c4 Nf6 3. g3 c5 4. d5 exd5 5. cxd5 d6 6. Nc3 g6 7.
Bg2 Bg7 8. Nf3 O-O 9. O-O Re8 10. Nd2 Na6 11. h3 Nc7 12. a4 Rb8 13. Nc4 b6 14.
e4 Ba6 15. Qb3 Qd7 16. Re1 b5 17. axb5 Bxb5 18. Rxa7 Bxc4 19. Qxc4 Rb4 20. Qa2 Reb8 21. Qa5 Nfe8 22. f4 Bd4+ 23. Kh2 Qc8 24. e5 Nb5 25. Nxb5 R4xb5 26. Qa6 Bxb2 27. exd6 Qxa6 28. Rxa6 Nf6 29. Bd2 Bd4 30. Re7 Rb2 31. d7 Rxd2 32. Rxf6 Bxf6 33.
Re8+ Kg7 34. Rxb8 c4 35. d8=Q Bxd8 36. Rxd8 c3 37. Rc8 c2 38. h4 Kf6 39. Kh3 h5 40.
Bf3 Ke7 41. Be4 Kd6 42. Bxc2 Kxd5 43. Bb3+ Ke4 44. Bxf7 Rd1 45. Bxg6+ Ke3 46. Bxh5 Kf2 47. Kg4 Rd7 48. Rc2+ Ke3 49. Ra2 Rg7+ 50. Kh3 1-0

[Event "Late-Titled-Tuesday-Blitz-October-03-2023"]
[Site "Chess.com"]
[Date "2023.10.03"]
[Round "7"]
[White "aistrel"]
[Black "jguerramzllo"]
[Result "1-0"]
[WhiteElo "2544"]
[BlackElo "2672"]
[TimeControl "180+1"]
[EndTime "15:14:30 PDT"]
[Termination "aistrel won on time"]

1. d4 d5 2. Bf4 c5 3. e3 Nc6 4. Nc3 cxd4 5. exd4 a6 6. Nf3 Nf6 7. Ne5 e6 8. Nxc6 bxc6 9. Na4 Bd6 10. Bxd6 Qxd6 11. Bd3 O-O 12. O-O a5 13. c3 e5 14.
Nc5 e4 15. Be2 Bf5 16. f3 Bg6 17. Qd2 Rfe8 18. Rae1 Ra7 19. fxe4 Nxe4 20. Nxe4 Bxe4 21. Bd3 Rae7 22. Bxe4 dxe4 23. Re3 Qd5 24. b3 f5 25. c4 Qd7 26. g3 Rf8 27. Rd1 f4 28. gxf4 Rxf4 29. Kh1 Ref7 30. Qg2 Rf2 31. Qg3 Qf5 32. Rg1 Rxa2 33. Qb8+ Rf8 34. Qc7 g6 35. Qxc6 Qf4 36. Qe6+ Rf7 37. Rh3 Kg7 38. Qe5+ Qxe5 39. dxe5 Re7 40.
Re3 Rxe5 41. Rge1 Rb2 42. Rxe4 Rxe4 43. Rxe4 Rxb3 44. Re5 a4 45. Ra5 a3 46. Kg2 Rb2+ 47.
Kg3 a2 48. h4 Kf6 49. c5 Rc2 50. Kf4 Rc4+ 51. Kg3 1-0